[Event "Bijnor Open 2024"]
[Site "Bijnor"]
[Date "2024.03.21"]
[Round "9.1"]
[White "Vignesh B"]
[Black "Srihari L R"]
[Result "1-0"]
[ECO "C01"]
[WhiteElo "2209"]
[BlackElo "2490"]
[Annotator "TA"]
[PlyCount "117"]
[EventDate "2024.03.17"]
[EventCountry "IND"]
[SourceTitle "playchess.com"]
[Source "ChessBase"]
[SourceQuality "1"]
[TimeControl "5400+30"]

1. e4 e6 2. d4 d5 3. Bd3 c5 4. dxc5 dxe4 5. Bxe4 Qxd1+ 6. Kxd1 Nf6 7. Bd3 Bxc5 8. Ke2 {[%emt 0:00:08] Black is slightly better.} Ng4 9. Nh3 Nc6 10. c3 {[%emt 0:00:07] Wards off Nd4+} Nge5 11. Nf4 (11. Be4 $15) 11... Nxd3 (11... g5 $142 12. Nh5 Nxd3 13. Kxd3 Be7 (13... Bxf2 14. Nf6+ Kf8 15. Nd2 $11)) 12. Nxd3 $17 Be7 13. b4 e5 14. f3 Bf5 15. Nd2 O-O-O $36 {[%emt 0:00:29][%mdl 2048] Black is in control.} 16. Nf2 Rd7 (16... Be6 $142 17. Kd1 Kb8) 17. Nde4 Be6 18. Rd1 Bd5 19. Ke1 b6 20. Nd2 (20. Ng4 $142) 20... Rhd8 21. Nb3 f5 22. Bb2 Bh4 (22... e4 $19 23. fxe4 fxe4) 23. b5 Nb8 24. c4 Bxc4 25. Rxd7 Kxd7 (25... Nxd7 $2 26. Rc1 Kb7 (26... Bxf2+ $2 27. Kxf2 Kb7 28. Rxc4 $18) 27. Rxc4 $18) 26. Bxe5 {[%emt 0:00:26] Rd1+ would now be deadly.} Ke6 27. Bxg7 Rg8 (27... Bxb5 28. Nd4+ Kf7 29. Nxb5 $14) (27... Kf7 $17 28. g3 Kxg7 29. gxh4 Re8+ (29... Bxb5 30. Nh3 $17) 30. Kd2 Re2+ (30... Bxb5 31. Nd4 $11) 31. Kc3 Bxb5 (31... Bxb3 32. axb3 Rxf2 33. Rxa7+ Kf6 34. Rb7 $14)) 28. Nd4+ $11 Kd5 29. g3 $1 (29. Nxf5 $2 {perishes.} Re8+ (29... Bxb5 $2 30. Rd1+ Ke6 31. Nd4+ Kf7 32. Nxb5 $18) 30. Kd2 Bxf2 $19) 29... Rxg7 30. Nxf5 Bf6 31. Rd1+ Ke6 32. Nxg7+ Bxg7 {[%emt 0:00:02] This pair of bishops is nice.} 33. Ne4 {[%emt 0:01:58] Repels Bc3+} Bxb5 34. Kf2 Nc6 35. Ng5+ Kf6 (35... Ke7 $15 36. Nxh7 Bc4 37. Re1+ Kd6) 36. h4 (36. Rd7 $11) 36... h6 $15 37. Rd5 a6 38. Nh3 (38. Ne4+ $11 Ke7 39. f4) 38... Nb4 $17 39. Rd2 ({Don't blunder} 39. Rd6+ $2 Ke7 40. Rg6 Kf7 (40... Bd4+ $2 41. Kg2 $19)) 39... Kf7 40. Nf4 Bc3 ({Black should play} 40... Bf8 $17 41. Kg2 Bc5) 41. Rd6 $11 Nxa2 42. Kg2 Be5 43. Rxb6 Bxf4 44. gxf4 h5 45. Rh6 {[%emt 0:00:15][%mdl 1024] White has compensation.} Nc3 $1 46. Rxh5 Bd7 $2 (46... Kg6 $1 $11 {and Black has nothing to worry.} 47. Rg5+ Kf6) 47. Kf2 (47. Rh7+ $18 Ke8 48. Rh5) 47... Nb5 (47... Kf6 $16 {might work better.} 48. Rc5 Na4) 48. Rh7+ $18 Ke8 49. h5 (49. Rh6 $1 $18 {[%cal Rh6a6] is the precise move to win.}) 49... Nd6 $16 50. Rh8+ Ke7 51. Ra8 {[%emt 0:00:06][%cal Oh5h6] Hoping for h6!} Bc8 $2 (51... Nf5 $16) 52. Rb8 $2 (52. h6 $18 {[%cal Oa8c8] and White stays clearly on top. Black must now prevent Rxc8!} Kf7 53. Rb8 (53. Ra7+ Bb7 $18)) 52... Kf7 $2 (52... a5 $16 53. Ra8 Kf6) 53. h6 $18 Kg8 54. Ke3 $2 (54. Rb6 $18 Nb5 55. Rc6) 54... Kh7 $16 {[%emt 0:00:06][%cal Oc8h3] [#]} 55. Kd4 $1 Bh3 {[%emt 0:00:54] [#]} 56. Ke5 $1 Nf7+ (56... Nf5 $1 $14) 57. Kf6 $18 Nxh6 58. Rb7+ Kh8 59. Kg6 {[%emt 0:00:02] What a bad dream for Black.   Weighted Error Value: White=0.38/Black=0.61.  Loses game:     	---       	Black=4      Missed win:     	White=2     	---        Mistake:       	White=6     	Black=7      Inaccurate:     	White=7     	Black=3      OK:         	White=11    	Black=16     Best:        	White=11    	Black=7      Strong:       	White=3     	Black=1} 1-0

[Event "Bijnor Open 2024"]
[Site "Bijnor"]
[Date "2024.03.21"]
[Round "9.2"]
[White "Neelash Saha"]
[Black "Mahindrakar Indrajeet"]
[Result "1/2-1/2"]
[ECO "A57"]
[WhiteElo "2463"]
[BlackElo "2136"]
[Annotator "TA"]
[PlyCount "89"]
[EventDate "2024.03.17"]
[EventCountry "IND"]
[SourceTitle "playchess.com"]
[Source "ChessBase"]
[SourceQuality "1"]
[TimeControl "5400+30"]

1. d4 Nf6 2. c4 c5 3. d5 b5 4. Qc2 bxc4 5. e4 d6 6. Bxc4 g6 7. Nf3 Bg7 8. O-O O-O 9. h3 Nbd7 10. Nc3 Nb6 11. Bb5 Bd7 12. Be3 Bxb5 {[%emt 0:11:30] The position is equal.} 13. Nxb5 a6 14. Na3 Nfd7 15. Rad1 Qc7 16. Rfe1 Qb7 17. Bg5 Ne5 18. Nd2 f5 19. exf5 (19. f4 $5 Nf7 $8 20. Nac4 Nxc4 21. Nxc4 $11) 19... Rxf5 20. f4 Nxd5 21. fxe5 {[%emt 0:08:00] And now Nf3 would win.} Rxg5 22. Nf3 Rf5 (22... Rxe5 $11 23. Nxe5 Bxe5) 23. exd6 (23. Qe4 $1 $14 Bxe5 (23... e6 $2 24. exd6 Re8 25. Nc4 $18) 24. Qxd5+ (24. Rxd5 Rf4 $14) 24... Qxd5 25. Rxd5 Bd4+ 26. Rxd4 (26. Nxd4 Rxd5 27. Ne6 Rc8 $11) 26... cxd4 27. Nxd4 (27. Rxe7 d3 $14)) 23... exd6 $15 (23... Qxb2 $2 24. Qe4 (24. Qxc5 Nf4 $17) 24... Bd4+ 25. Nxd4 cxd4 26. Rxd4 $18) 24. Nc4 Rd8 25. Re6 {[%emt 0:06:01][%cal Oc2e4] [#]} Rxf3 26. gxf3 $11 {[%emt 0:00:34][%cal Oc2e4] Strongly threatening Qe4!} Bd4+ 27. Kh2 (27. Rxd4 $1 $11 cxd4 28. Qe4) 27... Qf7 28. Qe4 (28. Nxd6 $2 Qxe6 29. Ne4 Ne3 30. Rxd4 Qe5+ (30... cxd4 $2 31. Qc7 $19) (30... Rxd4 $2 31. Qxc5 Qc4 32. Qxc4+ Rxc4 33. Nc3 $19) (30... Nxc2 $2 31. Rxd8+ Kg7 32. Kg1 $19) 31. Kg1 cxd4 $19 (31... Rxd4 $2 32. Qxc5 Rxe4 33. Qxe5 $19) (31... Qxd4 $2 32. Qc1 $19)) 28... Nf4 $36 {[%emt 0:00:33][%mdl 2048] Black has the initiative.} 29. Rxd6 (29. Nxd6 $2 Qxe6 30. Qxe6+ Nxe6 $19) (29. Rxd4 $1 $11 {keeps the balance.} cxd4 (29... Nxe6 30. Rxd6 Rxd6 31. Nxd6 $11) (29... Qxe6 30. Qxe6+ Nxe6 31. Rxd6 $11) 30. Rxd6) 29... Re8 $17 30. R1xd4 {[%emt 0:00:18][%cal Od6d8] Rd8! is the strong threat.} Rxe4 31. Rxe4 Qf5 $1 32. Kg3 (32. Rxa6 $2 Qxh3+ 33. Kg1 Qg2#) (32. Rd8+ $2 Kg7 33. Kg1 Qxh3 $19 (33... Nxh3+ $2 34. Kg2 $19) (33... Qg5+ $2 34. Kf1 $19)) 32... Qg5+ (32... Nxh3 $2 {too greedy.} 33. Rxa6 Ng5 34. Ra8+ Kg7 35. Ra7+ Nf7 36. Ne5 Qg5+ 37. Kf2 Qd2+ 38. Re2 (38. Kg3 Qg5+ 39. Kh3 Qh6+ 40. Kg2 Qd2+ 41. Kf1 h5 $18) 38... Qd4+ 39. Kf1 $18 (39. Kg2 Qd1 $18)) 33. Kf2 Nxh3+ 34. Ke2 (34. Ke1 $17 {was the only chance.}) 34... Ng1+ $2 (34... Qg2+ $19 35. Ke3 h5) 35. Kd3 (35. Kf2 $11) 35... Nxf3 36. Ne3 {[%emt 0:01:38][%cal Od6d5] [#] Repels Qf5} c4+ 37. Nxc4 $11 Qf5 38. Ke3 (38. Ne3 $1 $11 Ne1+ 39. Kd4) 38... Ng5 $17 39. Re5 (39. Rd8+ $17 Kg7 40. Re7+ Kh6 41. Rd6) 39... Qh3+ $19 40. Ke2 Qg4+ (40... Qf3+ $19 41. Kd2 Ne4+ 42. Rxe4 Qxe4 43. Rd8+ Kg7 44. Rd7+ Kf6 45. Rd6+ Kg5) 41. Kd3 $17 {[%emt 0:00:06] [#]} Nf7 $1 42. Re8+ Kg7 43. Rd4 (43. Re7 $17 {keeps fighting.} Qf5+ 44. Kc3) 43... Qf5+ $19 44. Kc3 (44. Rde4 $17) 44... h5 45. a4 {[%emt 0:31:30] Weighted Error Value: White=0.47/Black=0.38.  Loses game:     	White=1     	---        Missed win:     	---       	Black=2      Mistake:       	White=8     	Black=3      Inaccurate:     	White=3     	Black=3      OK:         	White=11    	Black=11     Best:        	White=3     	Black=5      Strong:       	---       	Black=2} 1/2-1/2

[Event "Bijnor Open 2024"]
[Site "Bijnor"]
[Date "2024.03.21"]
[Round "9.3"]
[White "Balkishan, A.."]
[Black "Dutta, Joydeep"]
[Result "1-0"]
[ECO "D38"]
[WhiteElo "2108"]
[BlackElo "2041"]
[Annotator "RC"]
[PlyCount "181"]
[EventDate "2024.03.17"]
[EventCountry "IND"]
[SourceTitle "playchess.com"]
[Source "ChessBase"]
[SourceQuality "1"]
[TimeControl "5400+30"]

1. d4 d5 2. c4 e6 3. Nc3 Bb4 4. Nf3 Nf6 5. Bg5 Nbd7 6. e3 c5 7. cxd5 exd5 8. Bb5 Qa5 9. Bxd7+ Nxd7 10. O-O c4 11. e4 Nb6 12. exd5 O-O 13. Nd2 f6 14. Bh4 Bxc3 15. bxc3 Qxd5 16. Re1 Bf5 17. Qc1 Qa5 18. Bg3 Rf7 19. Re3 Qa4 20. Bd6 Nd5 21. Re1 Qa6 22. Bg3 Rc8 23. f3 Qa5 24. Ne4 Bxe4 25. fxe4 Nxc3 26. Qd2 b6 27. Rac1 Nb5 28. Qxa5 bxa5 29. d5 Rd7 30. Re3 a4 31. Re2 c3 32. Rec2 Nd4 33. Rf2 Nb5 34. Kf1 Rc4 35. Re2 Re7 36. d6 Rd7 37. e5 fxe5 38. Bxe5 Nxd6 39. Rxc3 Rxc3 40. Bxc3 Nb5 41. Bb4 Kf7 42. Re5 Rb7 43. Re4 g6 44. Ke2 Rd7 45. Ke3 a6 46. g4 Nd6 47. Rd4 Ke6 48. Be1 h5 49. Rxa4 hxg4 50. Rxa6 Kf7 51. Kf4 Nf5 52. Kxg4 Rd4+ 53. Kg5 Ne7 54. Rf6+ Ke8 55. Ra6 Kf7 56. Bg3 Rd5+ 57. Kf4 Nf5 58. Be1 Rd4+ 59. Kf3 Nh4+ 60. Kf2 Rc4 61. Rd6 Nf5 62. Rd2 Ra4 63. Ke2 g5 64. Kd3 Kg6 65. Kc3 Re4 66. Bf2 Rf4 67. Kb3 Rf3+ 68. Kb4 Rh3 69. Bc5 g4 70. a4 Nh4 71. Bd6 Nf3 72. Ra2 Nd4 73. a5 Nc6+ 74. Kb5 Nxa5 75. Kxa5 Rd3 76. Bg3 Rb3 77. Rc2 Rb1 78. Rc4 Kf5 79. Rf4+ Kg5 80. Rb4 Rd1 81. Rb5+ Kg6 82. Kb4 Rf1 83. Kc4 Rf3 84. Kd4 Rf7 85. Ke4 Rf1 86. Rb8 Rf7 87. Rg8+ Kh5 88. Ke5 Ra7 89. Kf6 Ra6+ 90. Kf5 Rg6 91. Rh8+ 1-0

[Event "Bijnor Open 2024"]
[Site "Bijnor"]
[Date "2024.03.21"]
[Round "9.4"]
[White "Daksh Goyal"]
[Black "Laxman, R.R."]
[Result "0-1"]
[ECO "C54"]
[WhiteElo "1926"]
[BlackElo "2331"]
[Annotator "TA"]
[PlyCount "134"]
[EventDate "2024.03.17"]
[EventCountry "IND"]
[SourceTitle "playchess.com"]
[Source "ChessBase"]
[SourceQuality "1"]
[TimeControl "5400+30"]

1. e4 e5 2. Nf3 Nc6 3. Bc4 Bc5 4. c3 Nf6 5. d3 d6 6. O-O O-O 7. a4 {[%emt 0:04:03] 7.Re1 ist die kritische Fortsetzung.} a5 8. Nbd2 {[%emt 0:10:18] C54: Italienische Partie (Hauptvariante).} h6 9. Re1 Be6 10. Qb3 Qd7 11. Nf1 Ne7 12. Be3 $146 ({Predecessor:} 12. d4 exd4 13. cxd4 Bxc4 14. Qxc4 Bb4 15. Bd2 Bxd2 16. N1xd2 d5 17. exd5 Nexd5 18. Ne5 {½-½ Srija,S (2174)-Sardana,R (2428) Goa op 2nd Taleigao 2019 (10)}) 12... Bxe3 13. Nxe3 c6 (13... Ng6 $11 {hält das Gleichgewicht.}) 14. Bxe6 $16 Qxe6 15. Qxe6 (15. Qxb7 $2 Rfb8 16. Qc7 Ne8 $19 (16... Rxb2 17. d4 $17) (16... Rxb2 17. d4 $17)) 15... fxe6 16. Nc4 Ne8 17. Ra3 Ng6 18. Nfd2 b5 19. axb5 cxb5 20. Rxa5 Rxa5 21. Nxa5 Nf4 {[%emt 0:00:43] [#]} 22. Re3 $1 Nf6 23. f3 Nd7 24. g3 Ng6 25. Ndb3 Ra8 26. h4 Ne7 27. Re2 Nc8 28. Kf2 Kf7 29. Nc6 Ncb6 30. f4 exf4 (30... Nb8 $16 31. Nxb8 Rxb8 32. fxe5 dxe5) 31. gxf4 $18 Nc5 32. Nxc5 dxc5 33. d4 c4 34. Nb4 Ra1 35. Nc2 (35. Re1 $142 Rxe1 36. Kxe1) 35... Rh1 36. Kg3 Rg1+ 37. Rg2 Rd1 38. Kf3 (38. Ne3 $142 Rd3 39. Kf3) 38... Rd3+ ({Vorzuziehen ist} 38... Rh1) 39. Ne3 $16 b4 40. cxb4 Rxd4 41. Rc2 h5 42. Rc3 g6 43. Ra3 Nd7 (43... Ke7 {war nötig.} 44. Ra6 Nc8) 44. Ra7 Ke8 45. Rc7 Rd3 46. Rxc4 Rb3 47. Rd4 (47. Rc3 $16 Rxb4 48. b3) 47... Nf6 48. Ke2 Rxb2+ 49. Kd3 Rh2 50. e5 Nd7 $1 51. Rd6 Ke7 52. Nc2 Rh3+ 53. Ke4 (53. Kd2 $14 Nf6 54. Ra6 (54. exf6+ $2 Kxd6 55. Ne3 Rxh4 $17)) 53... Nf6+ $1 $11 54. Kd4 Rxh4 55. Kd3 Nd5 (55... Rxf4 56. Nd4 Nd7 57. Nc6+ (57. Nxe6 $2 Nxe5+ 58. Ke3 Rf3+ 59. Ke4 Kxd6 $19) (57. Rxe6+ Kf7 $17) 57... Ke8 58. Rxe6+ Kf8 59. Ke3 $11 (59. Rxg6 Rxb4 60. Ke3 Rg4 $11)) 56. Nd4 Nxf4+ 57. Kc2 Rh2+ 58. Kb3 Rh3+ 59. Kc4 Rh1 60. b5 Rc1+ 61. Kb3 h4 62. b6 {[%emt 0:00:56] [#]} (62. Nc6+ $11 Kf8 63. Kb2) 62... h3 $1 $17 63. Nc6+ Kf8 64. Rd8+ $2 (64. Kb2 $17 h2 65. b7) 64... Kg7 $19 65. Rd7+ $2 (65. Nb4 h2 66. b7) 65... Kh6 $19 66. b7 h2 (66... Rxc6 $2 {geht unter.} 67. b8=Q (67. b8=R $2 Rc1 $19) 67... Kg5 68. Rd1 $18) 67. b8=Q Rb1+ (67... h1=R $2 {zu gefräßig.} 68. Qh8+ Kg5 69. Qf6+ Kg4 70. Rd4 Rb1+ 71. Ka4 $18) ({Weniger gut wäre} 67... h1=Q 68. Qh8+ Kg5 69. Qxh1 Rxh1 70. Nd4 $17) 0-1

[Event "Bijnor Open 2024"]
[Site "Bijnor"]
[Date "2024.03.21"]
[Round "9.5"]
[White "Sai Agni Jeevitesh, J."]
[Black "Sanyam Srivastava"]
[Result "1-0"]
[ECO "E09"]
[WhiteElo "2285"]
[BlackElo "1686"]
[Annotator "TA"]
[PlyCount "121"]
[EventDate "2024.03.17"]
[EventCountry "IND"]
[SourceTitle "playchess.com"]
[Source "ChessBase"]
[SourceQuality "1"]
[TimeControl "5400+30"]

1. Nf3 Nf6 2. d4 d5 3. c4 e6 4. g3 Be7 5. Bg2 O-O 6. Qc2 Nbd7 7. O-O c6 8. Nbd2 b6 9. e4 dxe4 10. Nxe4 Bb7 11. Rd1 Nxe4 12. Qxe4 Nf6 13. Qc2 Qc7 14. Bf4 Bd6 15. Bxd6 Qxd6 16. c5 Qc7 17. Rac1 Rac8 18. Ne5 b5 {[%emt 0:16:47] Weiß steht etwas besser.} 19. h4 {[%emt 0:02:37][%cal Bh2h4,Bh4h5][%mdl 32] Weiß steht deutlich aktiver.} Rcd8 20. Qe2 Nd5 21. h5 Rfe8 22. f4 (22. h6 $16) 22... f6 $11 23. Nd3 Bc8 24. Be4 Ne7 25. Qf2 Nf5 26. Nb4 Bb7 27. Rd2 a5 28. Nc2 Qf7 29. Qf3 Ne7 30. Re1 f5 31. Bd3 Nd5 32. a3 Nf6 33. Rh2 $1 Ng4 34. Rh4 Nf6 35. Bf1 Rd5 36. Bg2 Rdd8 37. h6 g6 38. Qc3 Qc7 39. Bf3 g5 $2 40. Rh2 $18 gxf4 41. gxf4 (41. d5 $1 $18 {ist der präzise Gewinnweg.} Nxd5 (41... fxg3 $2 42. Rh3 $18) 42. Bxd5 cxd5 43. gxf4) 41... Kf7 $16 42. Rg2 {[%emt 0:00:25] Gegen Rg8 gerichtet.} Rg8 {[%emt 0:00:11] [#] Es drohte Rg7+} 43. Qe3 Bc8 44. Qe5 ({Besser ist} 44. Ree2 $16) 44... Rxg2+ 45. Kxg2 Rg8+ {[%emt 0:00:10] [#] Weiß behält die Zügel nun fest in der Hand.} ({Vorzuziehen ist} 45... Qxe5 $1 $14 46. fxe5 Rg8+ 47. Kf2 Nd5) 46. Kf2 $1 {[%emt 0:00:12] Manche mögen's heiß} Qe7 47. Ne3 $36 {[%emt 0:00:40][%cal Oe3f5][%mdl 2048] Und Nxf5! würde nun gewinnen. Weiss bestimmt, wo es lang geht.} (47. Bxc6 $2 Ng4+ 48. Kf1 Nxe5 $19) 47... Ng4+ $2 (47... Qd7 $16 {ist zäher.} 48. Rh1 Qb7) 48. Bxg4 $18 Qh4+ 49. Ke2 fxg4 {[%emt 0:00:37] Schwarz hat schwache schwarze Felder} 50. Qc7+ (50. f5 $142 {Droht stark fxe6+.} exf5 51. Nxf5) 50... Kf6 (50... Qe7 51. Qxc6 (51. Qxa5 Bd7 $16) 51... Bb7 52. Qxb5 Bf3+ 53. Kd3 g3) 51. Qxc6 (51. Qxh7 $142 Rg6 52. Qh8+ Kf7 53. Qxc8) 51... Qh2+ $2 (51... Kf7 52. Rg1 (52. Qxb5 g3 $16) 52... g3 (52... Qh2+ $2 53. Rg2 $18)) 52. Kd3 {[%emt 0:00:02] Schwarz muss nun Nd5+ beachten.} Qxb2 53. Nd5+ Kg6 54. Ne7+ Kf7 55. Nxg8 {[%emt 0:02:57] Weiss droht Qc7+ und Matt.} (55. Nxc8 Qb3+ 56. Ke2 (56. Kd2 Qb2+ 57. Kd1 Qxd4+ 58. Ke2 Qc4+ 59. Kd2 Qd4+ 60. Kc2 Qf2+ 61. Kd1 Qd4+ 62. Ke2 Qc4+ 63. Ke3 Qc3+ 64. Ke2 Qc4+ $11) 56... Qc4+ (56... Qc2+ 57. Kf1 $11) 57. Kd2 Qxd4+ 58. Ke2 Qc4+ 59. Kd2 Qd4+ 60. Kc2 Qf2+ 61. Kd1 Qd4+ 62. Kc2 (62. Ke2 Qc4+ 63. Kd2 Qd4+ $11) 62... Qf2+ 63. Kd1 Qd4+ 64. Ke2 Qc4+ 65. Ke3 Qc3+ 66. Ke2 Qc4+ $11) 55... Qb3+ 56. Ke2 {[%emt 0:00:12][%cal Bd3e2,Be2f2,Bf2g3,Bg3h4,Bh4g5][%mdl 32] Weiss will mit Qc7+ Matt setzen.} Qc4+ 57. Kf2 {[%emt 0:00:26] jetzt Qc7+ und aus.} Qxd4+ 58. Kg3 Qd3+ 59. Kh4 Bd7 60. Qd6 (60. Qc7 $142 Qd2 61. Rg1 Qd4 62. c6 (62. Rxg4 Qf2+ 63. Kh5 Qh2+ 64. Kg5 Qd2 65. Nf6 Ke7 66. c6 Qd4 67. Ng8+ Kf7) 62... Kg6 63. Rxg4+ (63. Qxd7 Qf2+ 64. Kxg4 Qxg1+ 65. Kf3 Qh1+ 66. Kf2 Qh4+ 67. Kf3 Qh1+ 68. Kf2 Qh4+ 69. Kf3 Qh1+ $18) 63... Kf5 64. Rg5+ (64. cxd7 Qf2+ 65. Kh3 Qf3+ 66. Kh2 Qf2+ 67. Kh3 Qf3+ 68. Kh2 Qf2+ 69. Rg2 Qh4+ 70. Kg1 Qe1+ 71. Kh2 Qh4+ 72. Kg1 Qe1+ 73. Kh2 Qh4+ $11) 64... Ke4 65. cxd7 (65. Qxd7 e5 $18) (65. Qe5+ Qxe5 66. Rxe5+ Kxf4 67. cxd7 Kxe5 68. d8=Q Ke4 69. Qd2 Kf3)) 60... Qh3+ 61. Kg5 {[%emt 0:00:02] Gewichteter Fehlerwert: Weiß=0.32/Schwarz=0.65.  Verlustzug:     	---       	Schwarz=2     Gewinn verpasst:   	Weiß=1     	---        Fehler:       	Weiß=4     	Schwarz=3     Ungenau:       	Weiß=1     	Schwarz=4     OK:         	Weiß=14    	Schwarz=13    Bester:       	Weiß=2     	Schwarz=2     Stark:        	Weiß=1     	---} 1-0

[Event "Bijnor Open 2024"]
[Site "Bijnor"]
[Date "2024.03.21"]
[Round "9.6"]
[White "Singh, Arvinder Preet"]
[Black "Anant Panwar"]
[Result "1-0"]
[ECO "B43"]
[WhiteElo "2030"]
[BlackElo "1591"]
[Annotator "RC"]
[PlyCount "45"]
[EventDate "2024.03.17"]
[EventCountry "IND"]
[SourceTitle "playchess.com"]
[Source "ChessBase"]
[SourceQuality "1"]
[TimeControl "5400+30"]

1. e4 c5 2. Nf3 e6 3. d4 cxd4 4. Nxd4 a6 5. a3 Nf6 6. Nc3 Qc7 7. f4 e5 8. fxe5 Qxe5 9. Nf3 Qc5 10. e5 Ng4 11. Ne4 Qc7 12. Nd6+ Bxd6 13. exd6 Qd8 14. Qe2+ Kf8 15. Bg5 f6 16. h3 fxg5 17. hxg4 Nc6 18. O-O-O b5 19. Qe3 g6 20. Qc3 Kg8 21. Bd3 Bb7 22. Bxg6 h6 23. Qb3+ 1-0

[Event "Bijnor Open 2024"]
[Site "Bijnor"]
[Date "2024.03.21"]
[Round "9.7"]
[White "Shaurya Chaudhary"]
[Black "Ram Prakash, R."]
[Result "0-1"]
[ECO "D35"]
[WhiteElo "1731"]
[BlackElo "2191"]
[Annotator "RC"]
[PlyCount "74"]
[EventDate "2024.03.17"]
[EventCountry "IND"]
[SourceTitle "playchess.com"]
[Source "ChessBase"]
[SourceQuality "1"]
[TimeControl "5400+30"]

1. d4 d5 2. c4 e6 3. Nc3 Be7 4. cxd5 exd5 5. Bf4 Nf6 6. e3 c6 7. Bd3 Nbd7 8. Qc2 Nb6 9. Nf3 a5 10. O-O Bg4 11. Ne5 Bh5 12. Ne2 Bg6 13. Ng3 Bxd3 14. Qxd3 O-O 15. Nf5 Nh5 16. Nxe7+ Qxe7 17. Qb3 Nc8 18. Nd3 Nxf4 19. Nxf4 Nd6 20. Nd3 Ne4 21. Rfc1 Rfe8 22. Nc5 Nd6 23. Qc3 g6 24. Rab1 h5 25. a4 Rec8 26. b4 b6 27. Nd3 Nc4 28. bxa5 Rxa5 29. Rxb6 Rxa4 30. Rb4 Ra2 31. Nc5 Rca8 32. Rc2 Rxc2 33. Qxc2 Ra1+ 34. Rb1 Na3 35. Rxa1 Nxc2 36. Ra8+ Kg7 37. Ra6 Nxd4 0-1

[Event "Bijnor Open 2024"]
[Site "Bijnor"]
[Date "2024.03.21"]
[Round "9.8"]
[White "Shivam Chaudhary"]
[Black "Mishra Kamad"]
[Result "0-1"]
[ECO "B03"]
[WhiteElo "1701"]
[BlackElo "1812"]
[Annotator "NA RC"]
[PlyCount "122"]
[EventDate "2024.03.17"]
[EventCountry "IND"]
[SourceTitle "playchess.com"]
[Source "ChessBase"]
[SourceQuality "1"]
[TimeControl "5400+30"]

1. e4 Nf6 2. e5 Nd5 3. d4 d6 4. c4 Nb6 5. f4 dxe5 6. fxe5 Nc6 7. Be3 Bf5 8. Nc3 e6 9. Nf3 Bg4 10. Qd2 Bb4 11. a3 {[%emt 0:03:49] B03: Alekhine's Defence: Four Pawns Attack.} Bxc3 12. Qxc3 Bxf3 13. gxf3 Qh4+ 14. Bf2 Qf4 (14... Qh6 $1 $14) 15. Be2 O-O-O 16. Be3 Qh4+ 17. Bf2 Qh3 18. O-O-O Qg2 (18... Kb8 $11) 19. Qe1 Qg5+ 20. Kb1 Rd7 21. h4 Qf5+ 22. Ka2 Na4 23. Bd3 Qxf3 24. Be4 Qf4 25. Bg3 Qg4 26. d5 $2 (26. Bxc6 $16 {keeps the pressure on.} bxc6 27. Bf2) 26... Nc5 27. dxc6 Rxd1 28. cxb7+ Kb8 29. Qxd1 Qxe4 30. Rf1 Qxc4+ 31. Kb1 Ne4 ({Nicht} 31... Kxb7 32. Rf4 Qa6 (32... Ne4 $2 {too greedy.} 33. Qf3 $18) 33. Rxf7 $11) ({Schlechter ist} 31... Nxb7 32. Rxf7 Rd8 33. Qc2 Qxc2+ 34. Kxc2 $11) 32. Rf4 Qd5 (32... f5 $19 33. Rf3 (33. exf6 $2 gxf6 34. Rg4 f5 $19) 33... Kxb7) 33. Qxd5 exd5 34. Be1 f6 ({Not} 34... Kxb7 35. Rxf7 Re8 36. Ba5 $11) 35. exf6 gxf6 (35... Kxb7 $2 {perishes.} 36. fxg7 Rg8 37. Rg4 $16) 36. Kc2 Kxb7 37. Kd3 (37. Rg4 {keeps fighting.}) 37... Kc6 38. Kd4 Kd6 39. b4 c6 40. Rg4 Re8 41. h5 Ng5 42. Bg3+ Kd7 43. b5 Re4+ 44. Rxe4 dxe4 45. bxc6+ Kxc6 46. h6 a6 47. Bf4 Ne6+ 48. Kxe4 Nxf4 49. Kxf4 Kd6 50. a4 Ke6 51. Ke4 f5+ 52. Kd4 Kf6 53. a5 Kg5 54. Ke5 f4 55. Ke4 Kg4 56. Ke5 f3 57. Kf6 f2 58. Kg7 f1=Q 59. Kxh7 Qf7+ 60. Kh8 Kg5 61. h7 Qf8# 0-1

[Event "Bijnor Open 2024"]
[Site "Bijnor"]
[Date "2024.03.21"]
[Round "9.9"]
[White "Royal, Shreyas"]
[Black "Srivardhan Reddy Devareddy"]
[Result "1-0"]
[ECO "A11"]
[WhiteElo "2457"]
[BlackElo "1662"]
[Annotator "TA"]
[PlyCount "35"]
[EventDate "2024.03.17"]
[EventCountry "IND"]
[SourceTitle "playchess.com"]
[Source "ChessBase"]
[SourceQuality "1"]
[TimeControl "5400+30"]

1. c4 c6 2. g3 d5 3. cxd5 cxd5 4. Bg2 Nf6 5. Nf3 Nc6 6. d3 h6 7. O-O Bf5 8. Nc3 {[%emt 0:04:30] Die Stellung ist ausgeglichen.} e6 9. Qa4 Be7 10. Nd4 O-O 11. Nxc6 bxc6 12. Qxc6 Qa5 (12... Rb8 $11) 13. Bd2 {[%emt 0:17:19][%cal Oc3d5,Bc1d2,Bd2a5,Ba5c3][%mdl 32] [#] Nxd5! ist eine echte Drohung.} Rfc8 $2 {[%emt 0:15:56] Führt Schwarz ins Verderben.} (13... Rac8 $16 {war nötig.} 14. Qb7 Bb4) 14. Nxd5 $1 $18 exd5 (14... Qd8) 15. Qxc8+ {[%emt 0:00:37] Weiß steht klar auf Gewinn.} (15. Bxa5 $2 {geht unter.} Rxc6 16. Rfc1 Ra6 $19) 15... Rxc8 16. Bxa5 Rc2 17. Bc3 Rxe2 18. Rfe1 {[%emt 0:00:16] Gewichteter Fehlerwert: Weiß=0.15 (sehr präzise) /Schwarz=0.63.  Verlustzug:     	---       	Schwarz=1     Fehler:       	---       	Schwarz=2     Ungenau:       	---       	Schwarz=2     OK:         	Weiß=3     	Schwarz=4     Bester:       	Weiß=1     	---        Stark:        	Weiß=1     	---} 1-0

[Event "Bijnor Open 2024"]
[Site "Bijnor"]
[Date "2024.03.21"]
[Round "9.10"]
[White "Shubh Singh Saini"]
[Black "Sparsh Yadav"]
[Result "1/2-1/2"]
[ECO "C44"]
[WhiteElo "1683"]
[BlackElo "1775"]
[Annotator "NA RC"]
[PlyCount "43"]
[EventDate "2024.03.17"]
[EventCountry "IND"]
[SourceTitle "playchess.com"]
[Source "ChessBase"]
[SourceQuality "1"]
[TimeControl "5400+30"]

1. e4 e5 2. Nf3 Nc6 3. d3 d5 4. Nbd2 Bc5 5. g3 Bg4 6. Bg2 Nge7 7. h3 Be6 8. O-O f6 9. Qe2 Qd7 10. Kh2 O-O-O 11. a3 d4 12. b4 Bb6 13. Nb3 Qd6 14. Bd2 a6 15. Rfb1 g5 16. Qe1 h5 17. Ng1 Ng6 18. a4 Nb8 19. b5 axb5 20. axb5 h4 21. g4 Bxb3 22. Qd1 1/2-1/2